Map: Acropolis LE

Players

Mez

  • Race: Terran Terran
  • League: Master
  • Spawn Location: 5:00

A.I. 1 (Very Easy) - Winner!

  • Race: Protoss Protoss
  • Spawn Location: 11:00

VOD

Have the link to the VOD?

Description

Time

  • Played on: Aug. 26, 2019, 10:55 p.m.
  • Length: 5:06
Show
View Real Time Build Order
Export as new Build Order

Mez Terran 

Build Orders: Liberator Opening 

Get SALT Encoding   

  12  0:03  SCV  
  13  0:15  SCV  
  13  0:19  Supply Depot  
  14  0:27  SCV  
  15  0:33  Refinery  
  15  0:41  SCV  
  16  0:46  Barracks  
  16  0:53  SCV  
  17  1:05  SCV  
  18  1:17  SCV  
  20  1:34  Reaper  
  20  1:35  Orbital Command  
  20  1:52  Bunker  
  20  1:59  Supply Depot x2  
  20  2:02  SCV  
  20  2:03  Supply Depot  
  20  2:06  Marine  
  20  2:07  Factory  
  22  2:14  SCV  
  23  2:26  Marine  
  23  2:27  Refinery, SCV  
  25  2:39  SCV  
  26  2:44  Marine  
  26  2:51  Starport  
  27  2:53  Hellion  
  27  2:55  SCV  
  30  3:03  Barracks Reactor  
  30  3:10  Liberator  
  30  3:15  Command Center  
  30  3:19  Factory Tech Lab  
  30  3:22  SCV  
  34  3:35  SCV  
  34  3:40  Cyclone  
  34  3:41  Marine  
  38  3:43  Marine  
  40  3:50  Supply Depot  
  40  3:59  SCV  
  40  4:02  Marine x2  
  43  4:12  Starport Tech Lab  
  43  4:17  Siege Tank  
  46  4:20  Marine x2  
Show
View Real Time Build Order
Export as new Build Order

A.I. 1 (Very Easy) Protoss - Winner!

Build Orders:  

Get SALT Encoding   

  12  0:00  Probe  
  13  0:13  Probe  
  14  0:19  Pylon  
  14  0:37  Assimilator  
  14  0:43  Gateway  
  14  0:45  Pylon  
  14  1:15  Assimilator  
  14  1:23  Probe  
  14  1:31  Probe  
  14  1:32  Cybernetics Core  
  15  1:33  Zealot  
  15  1:39  Probe  
  19  1:50  Probe  
  20  2:00  Probe  
  20  2:08  Warp Gate, Probe  
  22  2:41  Stalker  
  24  4:18  Probe  
  23  4:26  Probe  
Tags
 
Add a new tag
Caveats
  • Supply blocks, unpowered buildings, or Contaminate may cause inaccurate times.
  • Supply counts are checked every 10 seconds.